 Dungeon Crawl Stone Soup version 0.21-a0-460-g737a915 (webtiles) character file.

65 Zeege the Gusty (level 4, -3/24 HPs)
             Began as a Tengu Air Elementalist on Nov 20, 2017.
             Slain by a gnoll
             ... wielding a +0 spear
              (8 damage)
             ... on level 2 of the Dungeon.
             The game lasted 00:05:23 (1352 turns).

Zeege the Gusty (Tengu Air Elementalist)            Turns: 1352, Time: 00:05:24

Health: -3/24      AC:  2    Str:  8    XL:     4   Next: 14%
Magic:  1/8        EV: 13    Int: 20    God:
Gold:   114        SH:  0    Dex: 15    Spells: 6/7 levels left

rFire    . . .     SeeInvis .   f - +0 club
rCold    . . .     Gourm    .   (no shield)
rNeg     . . .     Faith    .   a - +0 robe
rPois    .         Spirit   .   (helmet restricted)
rElec    .         Reflect  .   (no cloak)
rCorr    .         Harm     .   (no gloves)
MR       .....                  (boots unavailable)
Stlth    ++........             (no amulet)
HPRegen  0.08/turn              e - +4 ring of intelligence
MPRegen  0.11/turn              (no ring)

@: no status effects
A: beak, talons 3
a: no special abilities


You were on level 2 of the Dungeon.
You were hungry.

You visited 1 branch of the dungeon, and saw 2 of its levels.

You collected 114 gold pieces.

Inventory:

Hand Weapons
 f - a +0 club (weapon)
 n - a +0 flail
Armour
 a - a +0 robe (worn)
Jewellery
 e - a +4 ring of intelligence (left hand)
Scrolls
 g - a scroll of enchant armour {unknown}
 l - a scroll of identify {unknown}
 m - a scroll of noise {unknown}
Potions
 d - a potion of curing {unknown}
 i - a potion of magic {unknown}
Books
 b - a book of Air

   Spells                             Type                      Level
   a - Shock                          Conjuration/Air              1
   b - Swiftness                      Charms/Air                   2
   c - Static Discharge               Conjuration/Air              3
   d - Airstrike                      Air                          4
   e - Lightning Bolt                 Conjuration/Air              5
Comestibles
 c - 2 bread rations
 h - 4 fruits
 j - a meat ration
 k - 5 chunks of flesh


   Skills:
 - Level 2.1 Dodging
 - Level 2.0 Stealth
 + Level 2.2 Spellcasting
 + Level 2.0 Conjurations
 * Level 6.0 Air Magic


You had 6 spell levels left.
You knew the following spells:

 Your Spells              Type           Power        Failure   Level  Hunger
a - Shock                 Conj/Air       ###.         3%          1    #......


Dungeon Overview and Level Annotations

Branches:
Dungeon (2/15)

Altars:


Innate Abilities, Weirdness & Mutations

You have a beak for a mouth.
You have claws for feet.


Message History

Aim: a gnoll, wielding a spear (severely wounded)
The zap hits the goblin.
You kill the goblin!
The zap hits the gnoll.
The gnoll appears unharmed.
The gnoll is severely wounded.
The gnoll hits you with a spear.
You are too injured to fight recklessly!
You are too injured to fight recklessly!
You are too injured to fight recklessly!
You hit the gnoll. You claw the gnoll, but do no damage.
The gnoll is severely wounded.
The gnoll hits you with a spear.
You closely miss the gnoll.
The gnoll is severely wounded.
The gnoll closely misses you. The gnoll hits you with a spear.
* * * LOW HITPOINT WARNING * * *
You hit the gnoll. You claw the gnoll, but do no damage.
The gnoll is almost dead.
The gnoll hits you with a spear!
You die...

### #.############
#......g@....#
#.##########.# ###### #.#
#.# .....####g# #.#
###....)..# #g# ....รท.....#
#.#
##....)...##########.#######
............................
##.#.####.##########.#######


You could see a gnoll.

Vanquished Creatures
  3 gnolls (D:2)
  An ooze (D:2)
  A dart slug (D:1)
  3 leopard geckos (D:1)
  A ball python (D:2)
  4 giant cockroaches
  4 goblins
  2 hobgoblins (D:1)
  3 bats (D:1)
  A kobold (D:1)
  3 rats (D:1)
26 creatures vanquished.

Notes
Turn   | Place    | Note
-------+----------+-------------------------------------------
     0 | D:1      | Zeege the Tengu Air Elementalist began the quest for the Orb.
     0 | D:1      | Reached XP level 1. HP: 10/10 MP: 4/4
   327 | D:1      | Reached XP level 2. HP: 15/15 MP: 1/6
   770 | D:1      | Reached skill level 5 in Air Magic
   998 | D:1      | Reached XP level 3. HP: 19/19 MP: 3/7
  1298 | D:2      | Reached skill level 6 in Air Magic
  1298 | D:2      | Reached XP level 4. HP: 17/24 MP: 0/8
  1352 | D:2      | Slain by a gnoll

Vault maps used:
D:1:      lightli_arrival_statuegarden, hex_large
D:2:      first_bread, uniq_robin, uniq_jessica, uniq_natasha

Skill      XL: |  1  2  3 |
---------------+----------+-----
Air Magic      | 5 6 |  6.0
Conjurations   | 2 |  2.0
Dodging        | |  2.1
Stealth        | |  2.0
Spellcasting   | |  2.2

Action                   |  1- 3 |  4- 6 || total
-------------------------+-------+-------++-------
Melee: Unarmed           |     3 |       ||     3
       Kick              |     3 |     2 ||     5
       Peck              |     1 |       ||     1
       Club              |     4 |     3 ||     7
 Cast: Shock             |    55 |     6 ||    61
  Eat: Chunk             |     1 |       ||     1
Armor: Robe              |     3 |       ||     3
Dodge: Dodged            |     9 |     6 ||    15

Table legend:
 A = Spawn XP
 B = Non-spawn XP
 C = Spawn XP percentage of total XP
 D = Spawn monster count
 E = Non-spawn monster count
 F = Spawn count percentage of total count
 G = Total turns spent on level
                    A         B        C        D         E        F      G
               +---------+---------+-------+---------+---------+-------+---------
         Total |       0 |      94 |   0.0 |       0 |      26 |   0.0 |  1352
               +---------+---------+-------+---------+---------+-------+---------
           D:1 |       0 |      34 |   0.0 |       0 |      17 |   0.0 |  1156
           D:2 |       0 |      60 |   0.0 |       0 |       9 |   0.0 |   196
               +---------+---------+-------+---------+---------+-------+---------
